 Dungeon Crawl Stone Soup version 0.26.0-10-g1f06aea511 (webtiles) character file.

Game seed: 6531370257447402936

108950 vatarom the Spear-Bearer (level 16, -9/158 HPs)
             Began as a Demonspawn Abyssal Knight on Jan 15, 2021.
             Was the Champion of Lugonu.
             Mangled by a faun
             ... wielding a +0 spear
              (13 damage)
             ... on level 1 of the Shoals.
             The game lasted 01:18:19 (36447 turns).

vatarom the Spear-Bearer (DsAK)                    Turns: 36447, Time: 01:18:19

Health: -9/158     AC: 21    Str: 26    XL:     16   Next: 3%
Magic:  25/25      EV: 14    Int: 14    God:    Lugonu [******]
Gold:   3262       SH:  7    Dex: 21    Spells: 27/27 levels left

rFire    + + .     SeeInvis .   h - +4 demon trident (distort)
rCold    . . .     Faith    .   I - +0 buckler
rNeg     . . .     Spirit   .   i - +2 chain mail
rPois    .         Reflect  .   R - +0 hat
rElec    .         Harm     .   z - scarf {repulsion}
rCorr    .         Rampage  .   e - +2 pair of gloves {Dex+3}
Will     +....                  (boots unavailable)
Stlth    ..........             M - amulet of the acrobat
HPRegen  0.36/turn              p - +6 ring of strength
MPRegen  0.19/turn              q - +6 ring of strength

@: about to teleport, very slightly contaminated, slowed, studying 2 skills,
invisible, repel missiles, very slow
A: hooves 3, horns 1, molten scales 3, camouflage 1, fire resistance 1, powered
by pain 3, robust 2, no potion heal 1
a: Renounce Religion, Depart the Abyss, Bend Space, Banish, Corrupt, Enter the
Abyss


You were on level 1 of the Shoals.
You worshipped Lugonu.
Lugonu was exalted by your worship.
You visited 6 branches of the dungeon, and saw 26 of its levels.
You visited the Abyss 1 time.
You also visited: Gauntlet.

You collected 4110 gold pieces.
You spent 848 gold pieces at shops.

Inventory:

Hand Weapons
 f - a +1 demon trident of electrocution
 h - a +4 demon trident of distortion (weapon)
 S - a +2 vampiric glaive
Missiles
 d - 706 stones
 g - a throwing net {!f}
 H - 3 sling bullets
Armour
 e - a +2 pair of gloves of dexterity (worn)
 i - a +2 chain mail (worn)
 z - a scarf of repulsion (worn)
 I - a +0 buckler (worn)
 R - a +0 hat (worn)
 T - a +0 tower shield of reflection
Jewellery
 n - an uncursed ring of positive energy
 p - a +6 ring of strength (left hand)
 q - a +6 ring of strength (right hand)
 w - an uncursed ring of wizardry
 M - an amulet of the acrobat (around neck)
Wands
 j - a wand of paralysis (3)
 k - a wand of flame (40) (quivered)
 o - a wand of polymorph (23)
 s - a wand of random effects (97)
 y - a wand of enslavement (12)
 K - a wand of digging (15) {@v1}
 O - a wand of iceblast (8) {@v4}
Scrolls
 a - 7 scrolls of fear
 l - 8 scrolls of amnesia
 r - 6 scrolls of torment
 v - 2 scrolls of vulnerability
 x - 11 scrolls of remove curse {@r2}
 B - a scroll of blinking {@r4}
 G - 3 scrolls of magic mapping
 L - 12 scrolls of teleportation {@r3}
 Q - a scroll of brand weapon
 U - 3 scrolls of identify {@r1}
Potions
 b - 3 potions of brilliance {@q6}
 t - 4 potions of flight
 u - 4 potions of curing {@q1}
 C - 2 potions of lignification
 D - a potion of resistance
 J - 2 potions of cancellation
 P - a potion of might {@q4}
Books
 c - a manual of Spellcasting
 E - a manual of Unarmed Combat
Miscellaneous
 m - a phial of floods
 F - a lightning rod (4/4)
 W - a box of beasts


   Skills:
 + Level 13.7 Fighting
 - Level 14.0 Polearms
 - Level 10.3 Armour
 - Level 7.0 Dodging
 - Level 9.7 Shields
 - Level 6.2 Spellcasting
 - Level 11.0 Invocations
 + Level 8.4 Evocations


You had 27 spell levels left.
You didn't know any spells.
Your spell library contained the following spells:

 Spells                   Type           Power        Failure   Level
 Animate Skeleton         Necr           8%           58%         1
 Corona                   Hex            4%           58%         1
 Magic Dart               Conj           16%          58%         1
 Pain                     Necr           16%          58%         1
 Sandblast                Erth           8%           58%         1
 Shock                    Conj/Air       16%          58%         1
 Blink                    Tloc           N/A          73%         2
 Ensorcelled Hibernation  Hex/Ice        8%           73%         2
 Passwall                 Tmut/Erth      3%           73%         2
 Searing Ray              Conj           8%           73%         2
 Slow                     Hex            4%           73%         2
 Sublimation of Blood     Necr           2%           73%         2
 Swiftness                Air            4%           73%         2
 Wereblood                Tmut           4%           73%         2
 Confusing Touch          Hex            4%           91%         3
 Dazzling Flash           Conj/Hex       8%           91%         3
 Gell's Gravitas          Tloc           2%           91%         3
 Inner Flame              Hex/Fire       4%           91%         3
 Portal Projectile        Hex/Tloc       8%           91%         3
 Static Discharge         Conj/Air       4%           91%         3
 Stone Arrow              Conj/Erth      8%           91%         3
 Tukima's Dance           Hex            4%           91%         3
 Vampiric Draining        Necr           2%           91%         3
 Airstrike                Air            2%           100%        4
 Animate Dead             Necr           2%           100%        4
 Cause Fear               Hex            2%           100%        4
 Fulminant Prism          Conj/Hex       2%           100%        4
 Iskenderun's Mystic Bla  Conj/Tloc      4%           100%        4
 Leda's Liquefaction      Hex/Erth       2%           100%        4
 Petrify                  Tmut/Erth      4%           100%        4
 Agony                    Necr           4%           100%        5
 Bolt of Magma            Conj/Fire/Erth 2%           100%        5
 Iskenderun's Battlesphe  Conj           4%           100%        5
 Lee's Rapid Deconstruct  Erth           2%           100%        5
 Lightning Bolt           Conj/Air       2%           100%        5
 Metabolic Englaciation   Hex/Ice        2%           100%        5
 Yara's Violent Unravell  Hex/Tmut       2%           100%        5
 Iron Shot                Conj/Erth      2%           100%        6
 Statue Form              Tmut/Erth      2%           100%        6
 Orb of Destruction       Conj           2%           100%        7
 Spellforged Servitor     Conj/Summ      2%           100%        7
 Shatter                  Erth           2%           100%        9


Dungeon Overview and Level Annotations

Branches:
Dungeon (15/15)            Temple (1/1) D:5            Lair (6/6) D:11
 Shoals (1/4) Lair:3        Snake (0/4) Lair:3        Slime (0/5) Lair:5
    Orc (2/2) D:10            Elf (0/3) Orc:2        Vaults (0/5) D:13
 Depths (1/5) D:15        Gauntlet (visited)

Altars:
Ashenzari
Cheibriados
Dithmenos
Elyvilon
Fedhas
Gozag
Hepliaklqana
Kikubaaqudgha
Makhleb
Nemelex Xobeh
Okawaru
Qazlal
Ru
Sif Muna
Trog
Uskayaw
Vehumet
Wu Jian
Xom
Yredelemnul
Zin
The Shining One
Beogh

Shops:
D:11 (   D:14 !   Orc:2 ?:?[   Shoals:1 [

Portals:
Trove: D:14 (give 5 potions of resistance)

Annotations:
D:8 2 transporters, corrupted, denisd0's ghost, novice OpCj
Lair:1 exclusion: oklob plant
Lair:3 exclusion: oklob plant
Lair:4 3 runed translucent doors, Sassenached's ghost, journeyman MfWn
Lair:5 exclusion: oklob plant
Shoals:1 1 transporter, Roxanne; arthad's ghost, adept VSFi
Orc:2 corrupted
Abyss:1 Erica


Innate Abilities, Weirdness & Mutations

You have hooves in place of feet.
You are completely covered in molten scales. (AC +4, rF+)
You are powered by pain.
You are very robust. (+20% HP)
You have a pair of small horns on your head.
Your skin changes colour to match your surroundings (Stealth+).
Your flesh is heat resistant. (rF+)
Potions are less effective at restoring your health.


Message History

You fade into invisibility!
The merfolk hits you but does no damage.
You block the merfolk impaler's attack. The faun casts a spell at you.
You feel as though you will be slow longer.
The merfolk impaler misses you.
The merfolk hits you but does no damage. x2
The merfolk impaler hits you but does no damage.
You are very lightly contaminated with residual magic.
As you read the scroll of teleportation {@r3}, it crumbles to dust.
You feel strangely unstable.
The faun unwields a +0 hunting sling.
The faun wields a +0 spear.
The faun splashes around in the water.
The merfolk hits you from afar with a +0 spear!
* * * LOW HITPOINT WARNING * * *
You block the merfolk impaler's attack. The merfolk closely misses you.
The faun hits you with a +0 quarterstaff.
* * * LOW HITPOINT WARNING * * *
The merfolk impaler closely misses you. The faun hits you with a +0 spear!
You die...

≈≈≈≈≈≈≈≈≈≈≈≈≈≈≈
≈≈≈≈≈≈≈≈≈≈≈≈≈≈≈
≈≈≈≈≈≈≈≈≈≈≈≈≈≈≈
≈≈≈≈≈≈≈≈≈≈≈≈≈≈≈≈≈≈≈≈≈≈≈≈
≈≈≈≈≈≈≈≈≈≈≈≈≈≈≈≈≈≈≈≈≈≈≈≈
≈≈≈≈≈§§§≈§≈≈≈≈≈≈≈≈≈≈≈≈≈≈
≈≈≈≈≈≈≈≈≈≈§§§§§≈≈≈≈≈≈≈≈≈≈≈≈≈≈
≈≈≈≈≈≈≈≈≈≈§§@cm≈≈≈≈≈≈≈≈≈.≈≈≈≈
≈≈≈≈≈≈≈≈≈≈§§§c§≈≈≈≈≈≈≈≈...≈≈≈
≈≈≈≈≈≈≈≈(≈§§§mm≈≈≈≈≈≈≈.....≈≈
≈≈≈≈≈≈≈≈≈≈≈≈≈≈≈≈≈≈≈≈≈.......≈
≈≈≈≈≈≈≈≈≈≈≈≈(≈(≈......##....≈
≈≈≈≈≈≈≈≈≈..≈.(....######.#...
≈≈≈.≈(≈≈≈...)......).(#####..
≈≈≈≈≈≈........########.# ##..
≈≈≈≈....>....## .# #...


You could see a merfolk impaler, 2 merfolk and 2 fauns.

Vanquished Creatures
  Aizul (Shoals:1)
  3 ghouls (D:13)
  A minotaur (Gauntlet)
  A merfolk impaler (Shoals:1)
  A great orb of eyes (Depths:1)
  A merfolk avatar (Shoals:1)
  6 hydras
  3 centaur warriors (D:13)
  5 two-headed ogres
  4 death yaks
  A catoblepas (Lair:6)
  3 tengu warriors
  Urug (Lair:3)
  A deep elf knight (D:13)
  4 sixfirhies (Gauntlet)
  4 unseen horrors
  2 skeletal warriors (D:13)
  A glowing orange brain (Depths:1)
  4 orc knights
  2 harpies (Shoals:1)
  A harpy (shapeshifter) (D:15)
  A lindwurm (Lair:6)
  2 orc sorcerers
  2 cyclopes (D:15)
  2 deep elf magi (D:13)
  2 wolf spiders
  6 ugly things
  4 manticores
  2 merfolk sirens
  3 elephants
  A water nymph (Shoals:1)
  An elephant (shapeshifter) (D:15)
  3 black mambas
  Psyche (D:10)
  10 cane toads
  2 gargoyles (D:14)
  A kobold demonologist (D:13)
  5 rime drakes
  10 komodo dragons
  An efreet (D:14)
  5 yaktaurs (Depths:1)
  A guardian mummy (D:13)
  A tengu conjurer (D:14)
  A queen bee (Gauntlet)
  2 jumping spiders (Gauntlet)
  2 merfolk (Shoals:1)
  7 trolls
  3 polar bears (Lair:6)
  6 slime creatures (D:13)
  A hornet (D:11)
  Prince Ribbit (D:5)
  A snapping turtle (Shoals:1)
  4 dream sheep (Lair:6)
  13 blink frogs
  A shadow (D:14)
  57 yaks
  4 wraiths
  A fire elemental (Lair:2)
  A basilisk (D:11)
  5 wyverns
  4 vampire mosquitoes (D:13)
  2 nagas (Lair:3)
  A soldier ant (D:11)
  A swamp worm (Lair:6)
  2 acid dragons
  16 water moccasins
  22 orc warriors
  7 ice beasts
  7 sky beasts
  5 black bears
  2 eyes of draining
  A necrophage (D:12)
  A hornet zombie (D:8)
  3 phantoms
  4 boggarts (D:14)
  29 wolves
  17 centaurs
  11 ogres
  5 big kobolds
  Blork the orc (D:5)
  23 bullfrogs
  2 gnoll sergeants
  A wyvern skeleton (D:14)
  3 scorpions
  32 wights
  12 killer bees
  3 electric eels
  6 howler monkeys
  4 bullfrog zombies
  5 centaur zombies
  A quasit (D:8)
  11 jellies
  17 orc priests
  5 centaur skeletons
  2 gnoll shamans
  9 hounds
  2 bullfrog skeletons
  Ijyb (D:5)
  2 iguanas
  28 orc wizards
  17 worker ants
  A hound skeleton (D:7)
  A hound zombie (D:6)
  2 mummies (D:13)
  2 worker ant zombies
  47 gnolls
  11 adders
  2 shadow imps (D:6)
  3 white imps
  5 ufetubi
  2 oozes (Lair:5)
  3 adder skeletons
  3 adder zombies
  A worm (D:3)
  3 dart slugs
  4 leopard geckos
  91 orcs
  A ball python (D:3)
  6 bats
  5 giant cockroaches
  6 goblins (D:1)
  10 hobgoblins
  21 jackals
  9 quokkas
  A frilled lizard (D:3)
  15 kobolds
  A leopard gecko skeleton (D:4)
  A quokka skeleton (D:9)
  7 rats
817 creatures vanquished.

Vanquished Creatures (collateral kills)
  2 orc warriors (Orc:2)
  An orc (Orc:2)
3 creatures vanquished.

Vanquished Creatures (others)
  3 orc high priests (Orc:2)
  A skeletal warrior (D:8)
  3 orc knights (Orc:2)
  3 orc sorcerers (Orc:2)
  2 centaur skeletons (D:13)
  4 orc warriors (Orc:2)
  A black bear (D:8)
  A big kobold (D:8)
  A bullfrog zombie (D:8)
  An iguana (D:13)
  2 orc wizards
  2 orc priests (Orc:2)
  A worker ant (D:8)
  A hound skeleton (D:8)
  A shadow imp (D:8)
  2 orcs (Orc:2)
  8 kobolds (D:8)
  6 demonic plants (Gauntlet)
  A fire vortex (Lair:2)
  14 foxfires (Orc:2)
  32 fungi
  140 plants
  4 withered plants (D:13)
234 creatures vanquished.

Grand Total: 1054 creatures vanquished

Notes
Turn   | Place    | Note
-------+----------+-------------------------------------------
     0 | Abyss:1  | vatarom the Demonspawn Abyssal Knight began the quest for
                  | the Orb.
     0 | Abyss:1  | Reached XP level 1. HP: 18/18 MP: 2/2
     7 | Abyss:1  | Found a corrupted altar of Lugonu.
    53 | Abyss:1  | Noticed a bone dragon
    56 | Abyss:1  | Noticed a smoke demon
    64 | D:1      | Escaped the Abyss
   334 | D:1      | Reached skill level 2 in Polearms
   503 | D:1      | Gained mutation: You sometimes gain a little power by
                  | taking damage. [demonic ancestry]
   503 | D:1      | Reached XP level 2. HP: 13/24 MP: 4/4
   881 | D:1      | Reached * piety under Lugonu
  1233 | D:1      | Gained mutation: You have large cloven feet. [demonic
                  | ancestry]
  1233 | D:1      | Reached XP level 3. HP: 29/29 MP: 5/5
  1846 | D:2      | Reached skill level 3 in Polearms
  2181 | D:2      | Reached XP level 4. HP: 21/35 MP: 6/6
  2253 | D:2      | HP: 1/37 [quokka (2)]
  2667 | D:2      | Found a glowing golden altar of the Shining One.
  2667 | D:2      | Found a hide-covered altar of Uskayaw.
  2981 | D:3      | Reached XP level 5. HP: 42/42 MP: 6/8
  3162 | D:3      | Reached ** piety under Lugonu
  3220 | D:3      | Found a faded altar of an unknown god.
  3323 | D:3      | Reached skill level 1 in Dodging
  3941 | D:3      | Found a shimmering blue altar of Sif Muna.
  4009 | D:4      | Reached skill level 4 in Polearms
  4422 | D:4      | Reached XP level 6. HP: 41/48 MP: 9/9
  5036 | D:5      | Entered Level 5 of the Dungeon
  5063 | D:5      | Reached skill level 5 in Polearms
  5079 | D:5      | Gained mutation: You sometimes gain power by taking damage.
                  | [demonic ancestry]
  5079 | D:5      | Reached XP level 7. HP: 44/55 MP: 10/10
  5153 | D:5      | Noticed Prince Ribbit
  5169 | D:5      | Killed Prince Ribbit
  5170 | D:5      | Reached skill level 5 in Fighting
  5365 | D:5      | Found a staircase to the Ecumenical Temple.
  5377 | Temple   | Entered the Ecumenical Temple
  5678 | D:5      | Noticed Blork the orc
  5702 | D:5      | Killed Blork the orc
  6024 | D:5      | Reached skill level 6 in Polearms
  6076 | D:5      | Found a burning altar of Makhleb.
  6343 | D:5      | Noticed Ijyb
  6361 | D:5      | Killed Ijyb
  6362 | D:5      | Gained mutation: You have hoof-like feet. [demonic
                  | ancestry]
  6362 | D:5      | Reached XP level 8. HP: 63/63 MP: 11/11
  7054 | D:6      | Reached *** piety under Lugonu
  7301 | D:6      | Reached skill level 7 in Polearms
  7385 | D:6      | Reached skill level 5 in Invocations
  8131 | D:6      | Found a burning altar of Makhleb.
  8144 | D:6      | Found an iron altar of Okawaru.
  8148 | D:6      | Reached **** piety under Lugonu
  8286 | D:6      | Gained mutation: You are powered by pain. [demonic
                  | ancestry]
  8286 | D:6      | Reached XP level 9. HP: 43/70 MP: 13/13
  8750 | D:7      | Reached skill level 8 in Polearms
  9527 | D:7      | Reached ***** piety under Lugonu
 10055 | D:8      | Noticed a boulder beetle
 10082 | D:8      | Banished a boulder beetle
 10083 | D:8      | Reached skill level 9 in Polearms
 10083 | D:8      | Reached XP level 10. HP: 23/79 MP: 11/17
 10100 | D:8      | Gained mutation: You occasionally shout uncontrollably at
                  | your foes. [potion of mutation]
 10100 | D:8      | Gained mutation: Your spells are a little easier to cast,
                  | but a little less powerful. [potion of mutation]
 10100 | D:8      | Gained mutation: You are covered in fur. (AC +1) [potion of
                  | mutation]
 10100 | D:8      | Gained mutation: You are agile. (Dex +2) [potion of
                  | mutation]
 10135 | D:8      | Reached skill level 10 in Invocations
 10834 | D:8      | Noticed denisd0's ghost (novice OpCj)
 10835 | D:8      | Found a transporter.
 10844 | D:8      | Found a transporter.
 11113 | D:8      | Noticed a skeletal warrior
 11131 | D:8      | Corrupted D:8
 11131 | D:8      | Noticed a glowing orange brain
 11131 | D:8      | Noticed a starcursed mass
 11131 | D:8      | Noticed a worldbinder
 11132 | D:8      | Noticed a starcursed mass
 11134 | D:8      | Killed a skeletal warrior
 11136 | D:8      | Noticed a worldbinder
 11205 | D:8      | Noticed a black mamba
 11206 | D:8      | Noticed a black mamba
 12129 | D:9      | Found a glowing silver altar of Zin.
 12306 | D:9      | Reached skill level 5 in Armour
 12614 | D:9      | Noticed Erica
 12619 | D:9      | Banished Erica
 12876 | D:9      | Noticed a two-headed ogre
 12886 | D:9      | Killed a two-headed ogre
 12887 | D:9      | Reached XP level 11. HP: 54/87 MP: 19/19
 13167 | D:10     | Entered Level 10 of the Dungeon
 13548 | D:10     | Found an opulent altar of Gozag.
 14059 | D:10     | Found a staircase to the Orcish Mines.
 14291 | D:10     | Noticed Psyche
 14303 | D:10     | Killed Psyche
 15163 | D:11     | Found a staircase to the Lair.
 15228 | D:11     | Reached skill level 10 in Polearms
 15996 | D:11     | Reached skill level 10 in Fighting
 16166 | D:11     | Found Pacoe's Weapon Shop.
 17076 | D:11     | Reached skill level 11 in Polearms
 17086 | D:12     | Noticed a brown ugly thing
 17095 | D:12     | Banished a brown ugly thing
 17174 | Lair:1   | Entered Level 1 of the Lair of Beasts
 17189 | D:11     | Gained mutation: You are partially covered in molten
                  | scales. (AC +2) [demonic ancestry]
 17189 | D:11     | Reached XP level 12. HP: 72/98 MP: 20/20
 17453 | Lair:1   | Noticed an eight-headed hydra
 17455 | Lair:1   | Banished an eight-headed hydra
 18719 | Lair:1   | Noticed a seven-headed hydra
 18720 | Lair:1   | Banished a seven-headed hydra
 18721 | Lair:1   | Reached skill level 12 in Polearms
 19843 | Lair:2   | Noticed a four-headed hydra
 19848 | Lair:2   | Banished a four-headed hydra
 20274 | Lair:1   | Reached skill level 10 in Armour
 21058 | Lair:3   | Reached skill level 1 in Shields
 21087 | Lair:3   | Noticed Urug
 21094 | Lair:3   | Noticed an eight-headed hydra
 21486 | Lair:3   | Found a staircase to the Snake Pit.
 21591 | Lair:3   | Killed Urug
 21695 | Lair:3   | Found a staircase to the Shoals.
 21802 | Lair:3   | Killed an eight-headed hydra
 21803 | Lair:3   | Gained mutation: You have hooves in place of feet. [demonic
                  | ancestry]
 21803 | Lair:3   | Reached XP level 13. HP: 77/106 MP: 21/21
 21884 | Lair:3   | Reached skill level 1 in Evocations
 22193 | Lair:3   | Found a blossoming altar of Fedhas.
 22877 | Lair:4   | Found a runed translucent gate.
 22877 | Lair:4   | Found a runed translucent gate.
 22877 | Lair:4   | Found a runed translucent gate.
 23593 | Lair:4   | Lost mutation: You are covered in fur. (AC +1) [potion of
                  | mutation]
 23593 | Lair:4   | Lost mutation: You occasionally shout uncontrollably at
                  | your foes. [potion of mutation]
 23593 | Lair:4   | Gained mutation: You have a pair of small horns on your
                  | head. [potion of mutation]
 23593 | Lair:4   | Gained mutation: Your skin changes colour to match your
                  | surroundings (Stealth+). [potion of mutation]
 23899 | Lair:4   | Noticed Sassenached's ghost (journeyman MfWn)
 23950 | Lair:5   | Reached ****** piety under Lugonu
 24474 | Lair:5   | Identified a +3 demon trident of distortion (a +1 demon
                  | trident corrupted by Lugonu)
 24474 | Lair:5   | Received a gift from Lugonu
 24597 | Lair:5   | Found a staircase to the Slime Pits.
 25260 | Lair:6   | Entered Level 6 of the Lair of Beasts
 25283 | Lair:6   | Reached skill level 5 in Shields
 25554 | Lair:6   | Reached skill level 5 in Evocations
 25558 | Lair:6   | Reached skill level 13 in Polearms
 26387 | Lair:6   | Gained mutation: You are mostly covered in molten scales.
                  | (AC +3) [demonic ancestry]
 26387 | Lair:6   | Reached XP level 14. HP: 104/113 MP: 22/22
 27768 | D:12     | Identified Ishued's Primer on Witchcraft
 27852 | D:12     | Found a sacrificial altar of Ru.
 28147 | D:12     | You fall into a shaft and drop 1 floor!
 28148 | D:13     | Noticed a ghoul
 28167 | D:13     | Killed a ghoul
 28168 | D:13     | Reached skill level 14 in Polearms
 28536 | D:13     | Noticed a ghoul
 28543 | D:13     | Reached skill level 1 in Spellcasting
 28559 | D:13     | Noticed a ghoul
 28565 | D:13     | Killed a ghoul
 28597 | D:13     | Banished a ghoul
 29051 | D:13     | Reached skill level 5 in Spellcasting
 29233 | D:13     | Found a gate to the Vaults.
 29752 | D:13     | Noticed a ghoul
 29769 | D:13     | Killed a ghoul
 30195 | D:14     | Gained mutation: You are robust. (+10% HP) [demonic
                  | ancestry]
 30195 | D:14     | Reached XP level 15. HP: 113/130 MP: 24/24
 30242 | D:14     | Found a portal to a secret trove of treasure.
 30771 | D:14     | Found Cadisk's Distillery.
 30787 | D:14     | Bought a potion of curing for 36 gold pieces
 30787 | D:14     | Bought a potion of might for 48 gold pieces
 30787 | D:14     | Bought a potion of curing for 36 gold pieces
 31073 | D:14     | Identified a scroll of acquirement
 31073 | D:14     | Acquired 846 gold pieces
 31269 | D:15     | Entered Level 15 of the Dungeon
 31378 | D:15     | Found a gate leading to a gauntlet.
 31383 | D:15     | Lost mutation: Your spells are a little easier to cast, but
                  | a little less powerful. [potion of mutation]
 31383 | D:15     | Lost mutation: You are agile. (Dex +2) [potion of mutation]
 31383 | D:15     | Gained mutation: Potions are less effective at restoring
                  | your health. [potion of mutation]
 31383 | D:15     | Gained mutation: You are completely covered in molten
                  | scales. (AC +4, rF+) [potion of mutation]
 31383 | D:15     | Gained mutation: Your flesh is heat resistant. (rF+)
                  | [potion of mutation]
 31392 | Gauntlet | Entered a Gauntlet
 31392 | Gauntlet | Found a transporter.
 31392 | Gauntlet | Found a transporter.
 31393 | Gauntlet | Found a transporter.
 31393 | Gauntlet | Found a transporter.
 31418 | Gauntlet | Found a transporter.
 31428 | Gauntlet | Found a transporter.
 31429 | Gauntlet | Found the -2 hat of the Alchemist {rElec rPois rF+ rC+ rN+
                  | Will+ rMut rCorr}
 31432 | Gauntlet | Found a transporter.
 31442 | Gauntlet | Found a transporter.
 31463 | Gauntlet | Found a transporter.
 31469 | Gauntlet | Found a transporter.
 31492 | Gauntlet | Found a transporter.
 31532 | Gauntlet | Found a transporter.
 31686 | Gauntlet | Reached skill level 5 in Dodging
 31812 | Gauntlet | Got an ancient bronze ring
 31817 | Gauntlet | Identified the ring of the Secret Beasts {Fire rPois Will+
                  | Dex-5 Slay+6} (You found it in a Gauntlet)
 32341 | D:15     | Acquired a +1 demon trident of electrocution
 32388 | D:15     | Acquired a book of Air
 32648 | D:15     | Found a staircase to the Depths.
 33072 | Orc:1    | Entered Level 1 of the Orcish Mines
 33121 | D:10     | Paralysed by an orc sorcerer for 5 turns
 33331 | Orc:2    | Entered Level 2 of the Orcish Mines
 33465 | Orc:2    | Found a staircase to the Elven Halls.
 33774 | Orc:2    | Found a roughly hewn altar of Beogh.
 34369 | Orc:2    | Corrupted Orc:2
 34473 | Orc:2    | Found Dytis's Magic Scroll Boutique.
 34473 | Orc:2    | Found Tef Moirokaa's Armour Emporium.
 34475 | Orc:2    | Found Gagiun's Book Boutique.
 34475 | Orc:2    | Found Semef's Magic Scroll Emporium.
 34484 | Orc:2    | Bought a scroll of acquirement for 728 gold pieces
 34487 | Orc:2    | Acquired a +0 tower shield of reflection
 35107 | Depths:1 | Entered Level 1 of the Depths
 35384 | Depths:1 | Paralysed by a great orb of eyes for 3 turns
 35680 | Shoals:1 | Entered Level 1 of the Shoals
 35680 | Shoals:1 | Found a transporter.
 35681 | Shoals:1 | Noticed arthad's ghost (adept VSFi)
 35789 | Shoals:1 | Identified the +4 demon trident of the Original Sin
                  | {distort, Dex+4}
 35881 | Shoals:1 | Noticed Aizul
 35903 | Shoals:1 | Killed Aizul
 36185 | Shoals:1 | Noticed Roxanne
 36205 | Shoals:1 | Found Dimeppivi's Antique Armour Shop.
 36397 | Shoals:1 | Gained mutation: You are very robust. (+20% HP) [demonic
                  | ancestry]
 36397 | Shoals:1 | Reached XP level 16. HP: 97/158 MP: 25/25
 36440 | Shoals:1 | HP: 4/158 [merfolk impaler/+0 trident (12)]
 36447 | Shoals:1 | HP: 4/158 [faun/+0 quarterstaff (4)]
 36447 | Shoals:1 | Mangled by a faun

Illustrated notes

Levels and vault maps discovered:
D:1:      dpeg_arrival_morbid_curiosity, layout_basic
D:2:      layout_rooms, gammafunk_temple_overflow_statue
D:3:      layout_loops_ring, chequers_ecumenical_altar_simple_redux, tgw_sif
D:4:      layout_rooms, lightli_ossuary_entry_decrepit_ruins
D:5:      layout_loops_corners, minmay_temple_entry_wispy,
          makhleb_heckhound_becter, uniq_ijyb, uniq_prince_ribbit1,
          uniq_blork_the_orc
D:6:      lemuel_castle_with_subvaults [lemuel_castle_interior_carwin_3],
          layout_basic, overflow_temple_1_default, minivault_1,
          minmay_misc_feat_plants, mrwooster_statue_mirror, okawaru_trees_2
D:7:      layout_cave_pools, lightli_orcish_oven
D:8:      minmay_s_stair_smasher, layout_cave_pools, enter_bailey_2,
          gammafunk_ghost_smash, minmay_the_grid_2x2 [minmay_the_grid_garden,
          minmay_the_grid_eight, minmay_the_grid_slots,
          minmay_the_grid_prize_big_room]
D:9:      layout_layer_cave, marbit_many_paths, minmay_holes, minivault_11,
          uniq_erica
D:10:     layout_roguey [special_room_orc], grunt_gozag_statues, uniq_psyche
D:11:     layout_rooms, david_lair_shrubbed, serial_shops,
          nicolae_shop_temple_entry_statues_fountains, hangedman_pestilent_swarm
D:12:     layout_cave_pools, basic_altar, serial_column_ruins,
          column_ruins_open_tiny, column_ruins_corridor_corner,
          column_ruins_open_small, column_ruins_columns_T,
          column_ruins_corridor_straight, lightli_minifort
D:13:     minmay_goldmine, layout_loops_ring,
          hangedman_vaults_entry_quadrant_bands,
          portal_ice_cave_entry_pillars_1, serial_undead, serial_undead_e,
          serial_undead_f, serial_undead_e, serial_undead_d, serial_undead_f,
          serial_undead_d, lemuel_flamethrower_2
D:14:     layout_long_grid, enter_trove_2, serial_shops, shop_statue,
          serial_glass, glass_columns_c, glass_columns_a, glass_columns_b,
          glass_columns_b, glass_columns_a, glass_columns_a, glass_columns_a,
          glass_columns_a
D:15:     hangedman_depths_entry_try_elsewhere_first, layout_stronghold,
          gauntlet_entry_generic
Temple:   hc_temple_tempest_star
Lair:1:   layout_big_grid, cheibrodos_lair_reptile_den, grunt_megastairs_5,
          lemuel_fruit_tree, minmay_lair_oklob_chamber
Lair:2:   layout_gridlike, serial_bayou, serial_bayou_pond_a,
          serial_bayou_pond_a, serial_bayou_pond_a, serial_bayou_lagoon_a
Lair:3:   layout_gridlike, minmay_shoals_entry_lonely_mermaid,
          guppyfry_snake_entry_island, tgw_fedhas, uniq_urug
Lair:4:   layout_cave_shapes, gammafunk_ghost_icy, minivault_24,
          lemuel_fruit_fields
Lair:5:   layout_cave_shapes, nicolae_slime_entry_slimehenge, grunt_megastairs_4
Lair:6:   grunt_lair_end_beastmaster, layout_cave_pods, minivault_19,
          gammafunk_lair_bear_cave, lemuel_fruit_fields
Shoals:1: layout_shoals, serial_shops, shop, gammafunk_ghost_abyssal_escape,
          nicolae_shoals_mertower, uniq_louise, uniq_aizul, uniq_roxanne
Orc:1:    layout_diamond_mine, serial_shops, shop_fountains, uniq_nergalle
Orc:2:    grunt_orc_tribal_feast, layout_caves, minmay_orc_temple_a
Depths:1: minmay_crescents, layout_honeycomb, hell_entry, wad_rectangle_vault

Skill      XL: |  1  2  3  4  5  6  7  8  9 10 11 12 13 14 15 |
---------------+----------------------------------------------+-----
Polearms       | 2 3 4 5 6 7 9 11 12 13 14 | 14.0
Invocations    | 3 4 6 9 11 | 11.0
Dodging        | 1 2 7 |  7.0
Fighting       | 4 5 6 7 8 10 11 13 | 13.7
Armour         | 2 3 4 6 8 10 | 10.3
Shields        | 2 6 9 |  9.7
Evocations     | 6 8 |  8.4
Spellcasting   | 6 |  6.2

Action                   |  1- 3 |  4- 6 |  7- 9 | 10-12 | 13-15 | 16-18 || total
-------------------------+-------+-------+-------+-------+-------+-------++-------
Melee: Spear             |   156 |   320 |   279 |       |       |       ||   755
       Trident           |       |       |   166 |       |       |       ||   166
       Halberd           |       |       |   205 |   897 |       |       ||  1102
       Demon trident     |       |       |       |     6 |  1211 |    17 ||  1234
       Kick              |       |       |       |       |   458 |     8 ||   466
       Headbutt          |       |       |       |       |   236 |     5 ||   241
Throw: Stone             |    11 |    11 |       |     1 |       |       ||    23
       Throwing net      |       |       |       |     1 |       |       ||     1
Invok: Depart the Abyss  |     1 |       |       |       |       |       ||     1
       Banish            |       |       |     1 |    11 |     5 |       ||    17
       Corrupt           |       |       |       |     1 |     1 |       ||     2
       Brand Weapon With |       |       |       |       |     1 |       ||     1
       Bend Space        |       |       |       |       |     1 |     3 ||     4
Evoke: Wand              |       |     1 |     9 |     4 |     4 |     1 ||    19
       Lightning rod     |       |       |       |     2 |       |       ||     2
       Box of beasts     |       |       |       |       |     1 |       ||     1
  Use: Scroll            |     3 |     6 |     1 |    13 |    19 |     4 ||    46
       Potion            |     2 |     2 |     4 |     8 |     6 |     5 ||    27
 Stab: Paralysed         |       |     8 |     1 |       |     3 |       ||    12
       Invisible         |       |       |     3 |       |       |       ||     3
Armor: Leather armour    |    25 |       |       |       |       |       ||    25
       Chain mail        |    32 |   160 |   324 |   587 |   328 |    23 ||  1454
       Skin              |       |       |    14 |       |       |       ||    14
       Plate armour      |       |       |       |    39 |       |       ||    39
       Crystal plate arm |       |       |       |       |    84 |       ||    84
Dodge: Dodged            |    81 |    59 |   250 |   495 |   465 |    78 ||  1428
       Repelled          |       |       |       |       |    16 |       ||    16
Block: Buckler           |       |       |       |     5 |   241 |    30 ||   276
